 Dungeon Crawl Stone Soup version 0.23.1-37-gaa34b87 (webtiles) character file.

Game seed: 7599159494567254714

2015 Kairos the Chopper (level 9, -4/46 HPs)
             Began as a Vine Stalker Fighter on Mar 24, 2019.
             Was a Believer of Uskayaw.
             Killed from afar by Pikel (10 damage)
             ... with a wand of acid (4)
             ... on level 6 of the Dungeon.
             The game lasted 00:16:43 (4889 turns).

Kairos the Chopper (Vine Stalker Fighter)           Turns: 4889, Time: 00:16:44

Health: -4/46      AC:  7    Str: 22    XL:     9   Next: 22%
Magic:  0/10       EV:  7    Int:  8    God:    Uskayaw [**....]
Gold:   205        SH: 10    Dex: 14    Spells: 8/8 levels left

rFire    . . .     SeeInvis .   a - +0 war axe
rCold    + . .     Gourm    .   c - +0 shield
rNeg     . . .     Faith    .   p - +3 chain mail {rC+}
rPois    +         Spirit   +   (no helmet)
rElec    .         Reflect  .   y - +0 cloak
rCorr    .         Harm     .   (no gloves)
MR       +....                  s - +0 pair of boots
Stlth    ..........             (no amulet)
HPRegen  0.55/turn              i - ring of poison resistance
MPRegen  0.12/turn              (no ring)

@: corroded
A: fangs 3, regeneration 1, magic shield, antimagic bite, no potion heal 3, rot
immunity
a: Stomp, Line Pass, Renounce Religion


You were on level 6 of the Dungeon.
You worshipped Uskayaw.
Uskayaw was noncommittal.
You were very hungry.

You visited 1 branch of the dungeon, and saw 6 of its levels.

You collected 205 gold pieces.

Inventory:

Hand Weapons
 a - a +0 war axe (weapon)
 n - a -2 hunting sling
Missiles
 v - 25 tomahawks (quivered)
Armour
 b - a +0 scale mail
 c - a +0 shield (worn)
 p - a +3 chain mail of cold resistance (worn)
 s - a +0 pair of boots (worn)
 y - a +0 cloak (worn)
Magical Staves
 d - an uncursed staff of power {unknown}
Jewellery
 i - a ring of poison resistance (left hand)
 x - an uncursed ring of fire
Wands
 m - a wand of paralysis (2)
Scrolls
 g - 3 scrolls of fog
 h - 2 scrolls of blinking
 j - a scroll of fear
 l - 3 scrolls of identify
 o - 3 scrolls of enchant weapon {unknown}
 q - a scroll of magic mapping {unknown}
 r - 3 scrolls of teleportation
 t - a scroll of amnesia {unknown}
 w - a scroll of enchant armour {unknown}
Potions
 e - a potion of curing
 k - 2 potions of cancellation {unknown}
 u - 2 potions of flight {unknown}
 z - a potion of haste {unknown}
Comestibles
 f - 11 rations


   Skills:
 + Level 4.4 Fighting
 + Level 7.0 Axes
 + Level 5.3 Armour
 + Level 2.2 Dodging
 + Level 1.5 Stealth
 + Level 5.3 Shields


You had 8 spell levels left.
You didn't know any spells.
Your spell library was empty.

Dungeon Overview and Level Annotations

Branches:
Dungeon (6/15)
 Temple: D:4-7

Altars:
Cheibriados
Elyvilon
Gozag
Makhleb
Sif Muna
Uskayaw
Xom

Annotations:
D:3 2 transporters, Iflex's ghost, amateur MfGl
D:6 Pikel


Innate Abilities, Weirdness & Mutations

You have razor-sharp teeth.
Your natural rate of healing is unusually fast.
When hurt, damage is shared between your health and your magic reserves.
Your bite disrupts and absorbs the magic of your enemies.
Potions cannot restore your health.
You are immune to rotting.


Message History

You hit the slave.
The slave is heavily wounded.
You hit Pikel but do no damage. You closely miss the slave.
You block Pikel's attack. The slave hits you. The slave closely misses you.
Your shield and chain mail prevent you from hitting the slave.
You bite the slave, but do no damage.
The slave is heavily wounded.
Your chain mail prevents you from hitting the slave.
You miss Pikel.
Pikel zaps a wand.
The bolt of acid hits you!
* * * LOW HITPOINT WARNING * * *
The acid corrodes you!
You are splashed with acid!
* * * LOW HITPOINT WARNING * * *
The slave closely misses you. The slave hits you but does no damage.
You hit the slave but do no damage. You bite the slave, but do no damage.
The slave is heavily wounded.
You closely miss the slave. You hit Pikel but do no damage.
You block Pikel's attack. You block the slave's attack. x2
The slave hits you but does no damage.
Pikel zaps a wand.
The bolt of acid hits you!
You die...

.#..#..# #.......#
.......###.......#
#†.##............#
##...............#
................## ## ##
#..#.............##.#..#
#.#####................#
...# #.........Kp......#
..####.........[@.......
.####..)........p##...#.
......#........### .#
...#..##......##......
...#...##......#......
.............?........
........>.............
....#..#..............
##.....#............#


You could see Pikel and 2 slaves.

Vanquished Creatures
  Sigmund (D:3)
  Menkaure (D:4)
  Duvessa (D:4)
  A sky beast (D:4)
  2 slaves
  5 ogres
  Blork the orc (D:4)
  A bullfrog (D:4)
  Dowan (D:4)
  A scorpion (D:5)
  A howler monkey (D:5)
  3 crimson imps
  A centaur zombie (D:5)
  2 orc priests
  A centaur skeleton (D:5)
  A gnoll shaman (D:5)
  4 hounds
  An orc wizard (D:5)
  2 iguanas
  4 worker ants
  A hound zombie (D:5)
  3 hound skeletons (D:6)
  8 gnolls
  7 adders
  A shadow imp (D:5)
  An adder skeleton (D:4)
  An adder zombie (D:6)
  3 worms
  A dart slug (D:4)
  7 leopard geckos
  13 orcs
  A ball python (D:1)
  5 giant cockroaches
  10 hobgoblins
  7 kobolds
  2 quokkas
  5 bats
  4 frilled lizards
  A giant cockroach zombie (D:6)
  7 goblins
  A jackal zombie (D:6)
  7 rats
131 creatures vanquished.

Vanquished Creatures (others)
  An adder (D:5)
1 creature vanquished.

Grand Total: 132 creatures vanquished

Notes
Turn   | Place    | Note
-------+----------+-------------------------------------------
     0 | D:1      | Kairos the Vine Stalker Fighter began the quest for the
                  | Orb.
     0 | D:1      | Reached XP level 1. HP: 11/11 MP: 2/2
   435 | D:1      | Found a snail-covered altar of Cheibriados.
   518 | D:1      | Reached XP level 2. HP: 16/16 MP: 3/3
   819 | D:2      | Found a faded altar of an unknown god.
  1015 | D:2      | Reached XP level 3. HP: 20/20 MP: 4/4
  1019 | D:2      | Reached skill level 2 in Axes
  1130 | D:2      | Found a white marble altar of Elyvilon.
  1510 | D:3      | Noticed Sigmund
  1683 | D:2      | Gained mutation: Your natural rate of healing is unusually
                  | fast. [Vine Stalker growth]
  1683 | D:2      | Reached XP level 4. HP: 5/24 MP: 0/5
  1727 | D:3      | Killed Sigmund
  1727 | D:3      | Reached skill level 3 in Axes
  1727 | D:3      | Reached skill level 1 in Dodging
  1727 | D:3      | Reached XP level 5. HP: 21/28 MP: 4/6
  1727 | D:3      | Reached XP level 6. HP: 24/32 MP: 4/7
  1836 | D:3      | Found an opulent altar of Gozag.
  2220 | D:3      | Found a transporter.
  2221 | D:3      | Noticed Iflex's ghost (amateur MfGl)
  2236 | D:3      | Found a transporter.
  2697 | D:4      | Noticed Blork the orc
  2706 | D:4      | Killed Blork the orc
  2706 | D:4      | Reached skill level 4 in Axes
  2939 | D:4      | Reached XP level 7. HP: 26/36 MP: 8/8
  3037 | D:4      | Found a burning altar of Makhleb.
  3098 | D:4      | Noticed Duvessa
  3098 | D:4      | Noticed Dowan
  3151 | D:4      | Killed Duvessa
  3156 | D:4      | Killed Dowan
  3197 | D:4      | Reached skill level 5 in Axes
  3237 | D:4      | Noticed Menkaure
  3249 | D:4      | Killed Menkaure
  3249 | D:4      | Gained mutation: You have razor-sharp teeth. [Vine Stalker
                  | growth]
  3249 | D:4      | Reached XP level 8. HP: 27/42 MP: 9/9
  3304 | D:4      | Found a deep blue altar of Sif Muna.
  3393 | D:4      | Found a hide-covered altar of Uskayaw.
  3622 | D:5      | Entered Level 5 of the Dungeon
  3778 | D:4      | Became a worshipper of Uskayaw the Reveler
  3837 | D:5      | Reached * piety under Uskayaw
  3839 | D:5      | Reached ** piety under Uskayaw
  3848 | D:5      | Reached *** piety under Uskayaw
  3869 | D:5      | Reached **** piety under Uskayaw
  3895 | D:5      | Reached skill level 6 in Axes
  3895 | D:5      | Reached skill level 5 in Armour
  3899 | D:5      | Reached skill level 5 in Shields
  3983 | D:5      | Reached skill level 1 in Stealth
  3991 | D:5      | Found a shimmering altar of Xom.
  3994 | D:5      | Reached ***** piety under Uskayaw
  4045 | D:5      | Reached XP level 9. HP: 45/45 MP: 10/10
  4783 | D:6      | Noticed Pikel
  4882 | D:6      | Reached skill level 7 in Axes
  4889 | D:6      | Killed from afar by Pikel

Skill      XL: |  1  2  3  4  5  6  7  8  9 |
---------------+----------------------------+-----
Fighting       | 3 4 |  4.4
Shields        | 3 4 5 |  5.3
Axes           | 2 3 4 5 6 7 |  7.0
Armour         | 3 4 5 |  5.3
Dodging        | 1 2 |  2.2
Stealth        | 1 |  1.5

Action                   |  1- 3 |  4- 6 |  7- 9 || total
-------------------------+-------+-------+-------++-------
Melee: War axe           |    66 |   104 |   229 ||   399
       Bite              |    17 |    31 |    91 ||   139
  Use: Scroll            |     6 |     1 |     2 ||     9
       Potion            |     1 |       |       ||     1
 Stab: Paralysed         |       |       |     7 ||     7
  Eat: Chunk             |     1 |     4 |     7 ||    12
Armor: Scale mail        |    30 |    21 |    13 ||    64
       Chain mail        |       |       |   116 ||   116
Dodge: Dodged            |    19 |    25 |    70 ||   114
Block: Shield            |    34 |    44 |   160 ||   238
